 Dungeon Crawl Stone Soup version 0.31.0-32-g396128a36d (webtiles) character file.

Game seed: 8940234011823595450

443 mainiacjoe the Apothecary (level 7, -1/61 HPs)
             Began as an Octopode Alchemist on Mar 24, 2024.
             Slain by Prince Ribbit (18 damage)
             ... on level 5 of the Dungeon.
             The game lasted 00:13:42 (4531 turns).

mainiacjoe the Apothecary (Octopode Alchemist)      Turns: 4531, Time: 00:13:43

Health: -1/61      AC:  1    Str: 10    XL:     7   Next: 2%
Magic:  11/11      EV: 13    Int: 20    God:
Gold:   30         SH:  0    Dex: 20    Spells: 1/11 levels left

rFire   . . .        w - +10 quick blade "Jelly's Doom" {freeze, *Rage *Slow Str+3 Dex+8}
rCold   . . .        (no shield)
rNeg    + . .        (helmet restricted)
rPois   +            (no amulet)
rElec   .            i - +4 ring of slaying
rCorr   .            o - ring of poison resistance
SInv    .            q - ring of positive energy
Will    .....        (no ring) Stlth
                     (no ring)
HPRegen 0.30/turn    (no ring)
MPRegen 0.12/turn    (no ring)
                     (no ring)

%: random rage (20%), slow self (1%)
@: berserking, very quick
A: almost no armour, amphibious, 8 rings, camouflage 1, gelatinous body 1,
(nimble swimmer 1), tentacles
a: no special abilities


You were on level 5 of the Dungeon.
You visited 2 branches of the dungeon, and saw 6 of its levels.
You also visited: Sewer.

You collected 251 gold pieces.
You spent 221 gold pieces at shops.

Inventory:

Hand Weapons
 a - a +1 vampiric rapier
 p - a +0 short sword
 u - a +2 long sword of protection
 w - the +10 quick blade "Jelly's Doom" (weapon) {freeze, *Rage *Slow Str+3 Dex+8}
   (You acquired it on level 5 of the Dungeon)

   Str+3:     It affects your strength (+3).
   Dex+8:     It affects your dexterity (+8).
   *Rage:     It berserks you when you make melee attacks (+20% chance).
   *Slow:     It may slow you when you take damage.
Missiles
 d - 57 stones
 e - 4 boomerangs
 l - 15 poisoned darts
 E - 4 curare-tipped darts {=F}
Magical Staves
 b - a staff of alchemy {!a}
Jewellery
 i - a +4 ring of slaying (left tentacle)
 o - a ring of poison resistance (right tentacle)
 q - a ring of positive energy (on tentacle)
Talismans
 y - a maw talisman
Wands
 j - a wand of roots (8)
Scrolls
 m - a scroll of poison
 v - a scroll of silence {unknown}
 A - a scroll of identify
 B - a scroll of fear
 C - a scroll of teleportation
 D - a scroll of vulnerability
Potions
 c - 4 potions of enlightenment
 f - 2 potions of might
 g - a potion of magic
 h - 3 potions of haste
 k - 3 potions of curing
 n - a potion of resistance {unknown}
 r - a potion of berserk rage {unknown}
 s - 3 potions of brilliance {unknown}
 t - 2 potions of invisibility
 x - 2 potions of mutation
 z - a potion of heal wounds {unknown}


   Skills:
 - Level 2.0 Dodging
 - Level 2.6 Stealth
 + Level 2.9 Spellcasting
 - Level 3.0 Conjurations
 - Level 3.0 Air Magic
 + Level 6.3 Alchemy


You had one spell level left.
You knew the following spells:

 Your Spells              Type           Power      Damage    Failure   Level
a - Sting                 Conj/Alch      84%        1d8       2%          1
b - Mercury Vapours       Alch/Air       42%        N/A       3%          2
c - Mephitic Cloud        Conj/Alch/Air  19%        N/A       8%          3
d - Olgreb's Toxic Radia  Alch           28%        N/A       11%         4

Your spell library contained the following spells:

 Spells                   Type           Power      Damage    Failure   Level
 Ensorcelled Hibernation  Hex/Ice        4%         N/A       22%         2
 Leda's Liquefaction      Alch/Erth      7%         N/A       36%         4
 Petrify                  Alch/Erth      15%        N/A       36%         4
 Sticky Flame             Fire/Alch      15%        2d5       36%         4
 Frozen Ramparts          Ice            4%         1d1       41%         3
 Fugue of the Fallen      Necr           2%         N/A       41%         3
 Anguish                  Hex/Necr       1%         N/A       82%         4
 Metabolic Englaciation   Hex/Ice        1%         N/A       99%         5


Dungeon Overview and Level Annotations

Branches:
Dungeon (5/15)             Temple (1/1) D:5           Sewer (visited)

Altars:
Ashenzari
Cheibriados
Dithmenos
Elyvilon
Hepliaklqana
Kikubaaqudgha
Makhleb
Nemelex Xobeh
Qazlal
Sif Muna
Trog
Uskayaw
Vehumet
Wu Jian
Xom
Yredelemnul
Zin
The Shining One

Shops:
D:5 ?

Annotations:
D:1 1 runed translucent door
D:3 1 runed translucent door, Crazy Yiuf
D:5 Dowan, Duvessa, Prince Ribbit


Innate Abilities, Weirdness & Mutations

You cannot wear most types of armour.
You are amphibious.
You can wear up to eight rings at the same time.
Your skin changes colour to match your surroundings (Stealth+).
Your rubbery body absorbs attacks. (AC +1, EV +1)
((You are camouflaged when in or above water. (Stealth+)))
You have tentacles for arms and can constrict up to eight enemies at once.


Message History

You feel a sense of dread.
a - a +1 vampiric rapier (weapon)
Found a stone staircase leading down.
You feel the dreadful sensation subside.
b - a staff of alchemy (weapon)
{!a} You now have 30 gold pieces (gained 7).
Menkaure, Prince of Dust comes into view.
Found 18 gold pieces.
Menkaure moves out of view.
This spell is quite dangerous to cast!
You start memorising the spell.
You continue memorising. x4
You finish memorising.
Spell assigned to 'd'.
Okay, then.
Menkaure shouts!
You hear a loud, deep croak!
You hear a shout!
You feel stronger.
You feel agile.
The +10 quick blade "Jelly's Doom" {freeze, *Rage *Slow Str+3 Dex+8} glows with a cold blue light!
w - the +10 quick blade "Jelly's Doom" (weapon)
{freeze, *Rage *Slow Str+3 Dex+8} Menkaure calls on the powers of darkness!
Your body is wracked with pain!
Prince Ribbit comes into view.
Menkaure gestures at you while chanting.
Pain shoots through your body!
Duvessa, Sister of Dowan comes into view.
She is wielding a +1 short sword of holy wrath.
Prince Ribbit barely misses you.
You closely miss Prince Ribbit. You grab Prince Ribbit.
You tentacle-slap Prince Ribbit! Your squeeze misses Prince Ribbit.
You barely miss Prince Ribbit.
Prince Ribbit is lightly wounded.
You constrict Prince Ribbit. Prince Ribbit hits you.
* * * LOW HITPOINT WARNING * * *
Menkaure barely misses you.
Dowan, Brother of Duvessa comes into view.
He is wielding a +0 dagger.
A red film seems to cover your vision as you go berserk!
You feel yourself moving faster!
You feel mighty!
Dowan shouts!
You impale Menkaure!! You freeze Menkaure.
You destroy Menkaure!
You constrict Prince Ribbit. Prince Ribbit hits you.
* * * LOW HITPOINT WARNING * * *
Prince Ribbit hits you!!
You die...

.$............... ....
............#..# ....
...........#.## ....
....>.........# ...
#............. #..
####.............
#..##.#....#......#..
e.e#..........#..##..#..
#...F@...#.....###....
#.....$..##....# #..#.
...........###...# ####.
....###..### ##..# ...
##.. #.## .. ##.. ### .
.. .##


You could see Prince Ribbit, Duvessa and Dowan.

Vanquished Creatures
  Menkaure (D:5)
  A water moccasin (D:5)
  2 jellies
  2 hounds
  An iguana (D:5)
  An orc wizard (D:3)
  9 adders
  A white imp (D:5)
  3 ribbon worms (D:4)
  5 orcs
  7 endoplasms
  3 giant cockroaches
  2 goblins
  4 hobgoblins
  A quokka (D:4)
  6 ball pythons
  7 bats
  3 frilled lizards
  17 kobolds
  8 rats
84 creatures vanquished.

Notes
Turn   | Place    | Note
-------+----------+-------------------------------------------
     0 | D:1      | mainiacjoe the Octopode Alchemist began the quest for the
                  | Orb.
     0 | D:1      | Reached XP level 1. HP: 11/11 MP: 3/3
     5 | D:1      | Found a runed translucent door.
   405 | D:1      | Reached XP level 2. HP: 17/17 MP: 3/5
   421 | D:1      | Learned a level 2 spell: Mercury Vapours
   529 | D:1      | Reached skill level 1 in Air Magic
  1052 | D:2      | Reached XP level 3. HP: 21/21 MP: 4/6
  1056 | D:2      | Learned a level 3 spell: Mephitic Cloud
  1181 | D:2      | Identified the +2 leather armour of Bicwakur {Int+3}
  1776 | D:3      | Reached skill level 4 in Alchemy
  1776 | D:3      | Reached XP level 4. HP: 27/27 MP: 0/7
  2163 | D:3      | Found a runed translucent door.
  2164 | D:3      | Noticed Crazy Yiuf
  2252 | D:3      | Found a broken altar of Ashenzari.
  2253 | D:3      | Identified a scroll of acquirement
  2253 | D:3      | Acquired a +1 vampiric rapier
  2328 | D:3      | Reached XP level 5. HP: 31/31 MP: 1/8
  2752 | D:4      | Found a white marble altar of Elyvilon.
  2815 | D:4      | Found a glowing drain.
  2897 | Sewer    | Entered a sewer
  3258 | D:4      | Reached skill level 5 in Alchemy
  3376 | D:4      | Found a shadowy altar of Dithmenos.
  3470 | D:4      | Reached XP level 6. HP: 21/36 MP: 5/9
  4005 | D:5      | Entered Level 5 of the Dungeon
  4133 | D:5      | Acquired the +10 quick blade "Jelly's Doom" {freeze, *Rage
                  | *Slow Str+3 Dex+8}
  4137 | D:5      | Found Ydi Izikk's Magic Scroll Shoppe.
  4141 | D:5      | Bought 3 scrolls of identify for 78 gold pieces
  4141 | D:5      | Bought a scroll of identify for 26 gold pieces
  4141 | D:5      | Bought a scroll of identify for 26 gold pieces
  4141 | D:5      | Bought a scroll of fear for 52 gold pieces
  4141 | D:5      | Bought a scroll of teleportation for 39 gold pieces
  4174 | D:5      | Found a bloodstained altar of Trog.
  4349 | D:5      | Noticed a water moccasin
  4362 | D:5      | Killed a water moccasin
  4363 | D:5      | Reached skill level 6 in Alchemy
  4363 | D:5      | Reached XP level 7. HP: 41/41 MP: 2/11
  4452 | D:5      | Found a staircase to the Ecumenical Temple.
  4469 | Temple   | Entered the Ecumenical Temple
  4517 | D:5      | Noticed Menkaure
  4525 | D:5      | Learned a level 4 spell: Olgreb's Toxic Radiance
  4527 | D:5      | Noticed Prince Ribbit
  4529 | D:5      | Noticed Duvessa
  4530 | D:5      | Noticed Dowan
  4531 | D:5      | Killed Menkaure
  4531 | D:5      | Slain by Prince Ribbit

Illustrated notes

Levels and vault maps discovered:
D:1:      dpeg_arrival_caged_fury, layout_basic
D:2:      layout_loops_ring
D:3:      layout_basic, mainiacjoe_overflow_surrounded_room,
          uniq_crazy_yiuf_cottage
D:4:      layout_gridville, elyvilon_altar_4, old_standard_altar,
          portal_sewer_entry_b, minmay_starry_boxes
D:5:      layout_cave_pools, nicolae_overflow_crystal_walls, temple_pool_b,
          serial_shops, nicolae_shop_tiny_waterfront, uniq_duvessa,
          uniq_prince_ribbit1, uniq_menkaure
Temple:   nicolae_temple_two_arcs

Skill      XL: |  1  2  3  4  5  6 |
---------------+-------------------+-----
Air Magic      | 1 2 3 |  3.0
Conjurations   | 2 3 |  3.0
Alchemy        | 4 5 6 |  6.3
Dodging        | |  2.0
Stealth        | |  2.6
Spellcasting   | |  2.9

Action                     |  1- 3 |  4- 6 |  7- 9 || total
---------------------------+-------+-------+-------++-------
  Melee: Short sword       |     5 |       |       ||     5
         Rapier            |       |    50 |       ||    50
         Tentacles         |       |    10 |       ||    10
         Constrict         |       |    10 |     1 ||    11
         Quick blade       |       |     4 |     3 ||     7
         Punch             |       |       |     1 ||     1
   Cast: Sting             |    41 |    60 |       ||   101
         Mercury Vapours   |     2 |     5 |       ||     7
         Mephitic Cloud    |       |     4 |       ||     4
    Use: Scroll            |     3 |    11 |       ||    14
   Stab: Sleeping          |       |     4 |       ||     4
 Armour: Skin              |     4 |    43 |     3 ||    50
  Dodge: Dodged            |    19 |    56 |     2 ||    77
